 Dungeon Crawl Stone Soup version 0.30-a0-341-g682706514a (webtiles) character file.

Game seed: 12511200034571105688

3882 KennySheep the Slasher (level 10, -4/111 HPs)
             Began as a Human Wanderer on Nov 2, 2022.
             Was a Priest of Trog.
             Succumbed to a hornet's poison
             ... on level 8 of the Dungeon.
             The game lasted 00:20:25 (6585 turns).

KennySheep the Slasher (Human Wanderer)             Turns: 6585, Time: 00:20:26

Health: -4/111     AC: 13    Str: 11    XL:     10   Next: 42%
Magic:  19/19      EV:  7    Int: 10    God:    Trog [***...]
Gold:   480        SH:  0    Dex: 21    Spells: 9/9 levels left

rFire   . . .      SeeInvis .    a - +0 great sword
rCold   . . .      Faith    .    (shield currently unavailable)
rNeg    . . .      Spirit   .    z - +0 chain mail
rPois   .          Reflect  .    c - +1 helmet
rElec   .          Harm     .    (no cloak)
rCorr   .          Rampage  .    m - +0 pair of gloves
Will    .....                    (no boots)
Stlth   ..........               o - amulet of regeneration
HPRegen 1.18/turn                q - ring of magical power
MPRegen 0.16/turn                K - ring of flight

@: berserking (expiring), lethally poisoned (-4 -> -18), flying, slowed
A: no striking features
a: Renounce Religion, Berserk, Trog's Hand


You were on level 8 of the Dungeon.
You worshipped Trog.
Trog was most pleased with you.
You visited 1 branch of the dungeon, and saw 8 of its levels.

You collected 480 gold pieces.

Inventory:

Hand Weapons
 a - a +0 great sword (weapon)
 b - a +0 sling
 w - a +2 falchion
 y - a +0 double sword
Missiles
 v - 2 throwing nets (quivered)
Armour
 c - a +1 helmet (worn)
 m - a +0 pair of gloves (worn)
 z - a +0 chain mail (worn)
Jewellery
 h - an amulet of faith
 o - an amulet of regeneration (around neck)
 q - a ring of magical power (left hand)
 G - a ring of ice
 K - a ring of flight (right hand)
Wands
 u - a wand of charming (5)
 E - a wand of acid (9)
 I - a wand of polymorph (12)
Scrolls
 d - 3 scrolls of fog
 e - 4 scrolls of identify
 k - a scroll of poison
 l - a scroll of torment
 p - a scroll of noise
 t - a scroll of fear
 x - 2 scrolls of teleportation
 A - a scroll of blinking
 C - a scroll of enchant armour
 D - a scroll of summoning
 F - a scroll of immolation
Potions
 f - 5 potions of curing
 g - a potion of berserk rage
 i - a potion of attraction
 j - 3 potions of heal wounds
 n - 2 potions of might
 r - a potion of lignification
 s - 2 potions of cancellation
 B - a potion of ambrosia
 H - a potion of flight {unknown}
 J - 3 potions of brilliance {unknown}


   Skills:
 + Level 5.4 Fighting
 - Level 2.2(5.4) Short Blades
 * Level 7.8(8.0) Long Blades
 + Level 5.0 Ranged Weapons
 + Level 5.5 Armour
 + Level 5.6 Dodging
 + Level 6.6 Stealth


You had 9 spell levels left.
You didn't know any spells.
Your spell library contained the following spells:

 Spells                   Type           Power      Damage    Failure   Level
 Sandblast                Erth           0%         2d4       100%        1
 Passwall                 Tmut/Erth      0%         N/A       100%        2
 Stone Arrow              Conj/Erth      0%         3d7       100%        3
 Summon Guardian Golem    Hex/Summ       0%         N/A       100%        3
 Orb of Destruction       Conj           0%         9d5       100%        7
 Spellforged Servitor     Conj/Summ      0%         N/A       100%        7


Dungeon Overview and Level Annotations

Branches:
Dungeon (8/15)             Temple (0/1) D:4            Lair (0/5) D:8

Altars:
Cheibriados
Fedhas
Gozag
Okawaru
Qazlal
Sif Muna
Trog
Xom
The Shining One

Annotations:
D:6 2 transporters, p00ps00p's ghost, novice HOFi


Message History

You feel sick. The hornet misses you. The hornet barely misses you.
You barely miss the hornet.
The hornet is lightly wounded.
You feel sick. The hornet barely misses you.
You hit the hornet.
The hornet is lightly wounded.
You feel yourself speed up.
You feel sick. The hornet stings you.
* * * LOW HITPOINT WARNING * * *
You are more poisoned.
You feel yourself slow down.
The hornet stings you but does no damage.
You miss the hornet.
The hornet is lightly wounded.
You feel very sick.
The hornet stings you but does no damage.
The hornet closely misses you.
You slice the hornet!!
The hornet is almost dead.
You feel sick. The hornet stings you!
* * * LOW HITPOINT WARNING * * *
You are more poisoned.
You feel as though you will be slow longer.
The hornet stings you.
* * * LOW HITPOINT WARNING * * *
You feel as though you will be slow longer.
You completely miss the hornet.
The hornet is almost dead.
* * * LOW HITPOINT WARNING * * *
You feel very sick. The hornet barely misses you. The hornet stings you.
* * * LOW HITPOINT WARNING * * *
You are more poisoned.
You feel as though you will be slow longer.
You are too berserk!
Unknown command.
You slice the hornet!!
You kill the hornet!
Trog accepts your kill.
You die...

#.##.#..####.##.##.
...#.....#.##....
#.## ##.##.#.##...>
# #)##>#.##.##.
######......##.##.
≈≈#...#.....##.##. #
#≈###.#.....##....
#.#.'...#.....#####.
#.@'.........# #.
##≈#..#.###### #.
≈≈§##...# ##### #.
########### #...###.
#.#.......# #.......
#.#.......###...####
#.#.#####.#....>..#
#......##.#.##.##.#
###.##.........##.#


There were no monsters in sight!

Vanquished Creatures
  Joseph (D:7)
  Maggie (D:8)
  A hornet (D:8)
  A wyvern (D:7)
  4 water moccasins
  Duvessa (D:7)
  4 ice beasts
  A black bear (D:6)
  3 sky beasts (D:7)
  A centaur (D:6)
  A phantom (D:4)
  A kobold brigand (D:8)
  A necrophage (D:7)
  3 scorpions
  12 wights
  Dowan (D:7)
  A howler monkey (D:7)
  A hound (D:4)
  2 jellies
  2 gnoll boudas
  2 orc priests
  4 orc wizards
  3 iguanas
  12 gnolls
  8 adders
  A shadow imp (D:5)
  A white imp (D:5)
  2 worms (D:2)
  21 orcs
  6 ball pythons
  6 endoplasms
  A giant cockroach (D:2)
  7 hobgoblins
  3 quokkas
  6 bats
  2 frilled lizards
  9 goblins
  12 kobolds
  7 rats
156 creatures vanquished.

Notes
Turn   | Place    | Note
-------+----------+-------------------------------------------
     0 | D:1      | KennySheep the Human Wanderer began the quest for the Orb.
     0 | D:1      | KennySheep set off with the following items: a +2 falchion,
                  | a +0 short sword, a +0 helmet, a scroll of fog, a +0
                  | leather armour.
     0 | D:1      | Reached XP level 1. HP: 15/15 MP: 1/1
    85 | D:1      | Reached XP level 2. HP: 19/21 MP: 2/2
   409 | D:1      | Reached XP level 3. HP: 26/26 MP: 3/3
   738 | D:2      | Reached XP level 4. HP: 32/32 MP: 4/4
  1362 | D:3      | Identified the +8 short sword of the Unseen Realm {freeze,
                  | *Noise rF++}
  1374 | D:3      | Found a faded altar of an unknown god.
  1398 | D:3      | Prayed at the altar of an unknown god.
  1398 | D:3      | Became a worshipper of Trog the Wrathful
  1398 | D:3      | Reached * piety under Trog
  1478 | D:3      | Reached skill level 3 in Long Blades
  1482 | D:3      | Reached XP level 5. HP: 31/38 MP: 5/5
  1893 | D:4      | Noticed a phantom
  1925 | D:4      | Killed a phantom
  1926 | D:4      | Reached skill level 1 in Ranged Weapons
  1926 | D:4      | Reached XP level 6. HP: 44/44 MP: 6/6
  2632 | D:4      | Found a staircase to the Ecumenical Temple.
  3035 | D:5      | Entered Level 5 of the Dungeon
  3118 | D:5      | Reached XP level 7. HP: 51/51 MP: 7/7
  3241 | D:5      | Found an opulent altar of Gozag.
  3309 | D:5      | Reached ** piety under Trog
  3324 | D:5      | Reached skill level 4 in Long Blades
  3656 | D:5      | Found an iron altar of Okawaru.
  3657 | D:5      | Found a blossoming altar of Fedhas.
  3659 | D:5      | Found a glowing golden altar of the Shining One.
  3660 | D:5      | Found a snail-covered altar of Cheibriados.
  3660 | D:5      | Found a bloodstained altar of Trog.
  3661 | D:5      | Found a shimmering blue altar of Sif Muna.
  3661 | D:5      | Found a stormy altar of Qazlal.
  3662 | D:5      | Found a shimmering altar of Xom.
  3959 | D:6      | Reached XP level 8. HP: 51/58 MP: 8/8
  4060 | D:6      | Reached skill level 5 in Long Blades
  4450 | D:6      | Found a transporter.
  4450 | D:6      | Found a transporter.
  4450 | D:6      | Noticed p00ps00p's ghost (novice HOFi)
  4450 | D:6      | Noticed a hornet
  4565 | D:6      | Reached skill level 5 in Stealth
  5072 | D:7      | Reached XP level 9. HP: 65/65 MP: 9/9
  5157 | D:7      | Reached skill level 6 in Long Blades
  5302 | D:7      | Reached *** piety under Trog
  5356 | D:7      | Noticed Duvessa
  5360 | D:7      | Noticed Dowan
  5497 | D:7      | Killed Duvessa
  5503 | D:7      | Killed Dowan
  5617 | D:7      | Noticed Joseph
  5631 | D:7      | Killed Joseph
  5632 | D:7      | Reached skill level 7 in Long Blades
  5632 | D:7      | Reached skill level 5 in Armour
  5632 | D:7      | Reached skill level 5 in Dodging
  5632 | D:7      | Reached XP level 10. HP: 31/73 MP: 10/10
  5947 | D:7      | Reached skill level 5 in Fighting
  6060 | D:8      | Noticed Maggie
  6070 | D:8      | Killed Maggie
  6303 | D:8      | Found a staircase to the Lair.
  6545 | D:8      | Reached skill level 5 in Ranged Weapons
  6573 | D:8      | Paralysed by a hornet for 2 turns
  6584 | D:8      | HP: 2/111 [poisoned by a hornet]
  6585 | D:8      | Succumbed to a hornet's poison

Illustrated notes

Levels and vault maps discovered:
D:1:      tarquinn_simple_flora_water_e, layout_rooms
D:2:      layout_loops_ring, minmay_pentomino_s4
D:3:      layout_rooms, basic_ecumenical_altar
D:4:      minmay_inner_zag, layout_layer_cave, minmay_temple_entry_fiery
D:5:      layout_loops_cross, grunt_temple_overflow_open, lemuel_crystal_altar,
          grunt_tough_drop
D:6:      layout_basic, gammafunk_ghost_hive
D:7:      layout_basic, chequers_serial_rivers_micro_a, minmay_hedge_maze,
          kennysheep_opposing_triangles, uniq_duvessa, uniq_joseph
D:8:      layout_loops_cross, lair_entry_dummy, minmay_misc_feat_more_columns,
          kennysheep_generic_room_12, uniq_maggie

Skill      XL: |  1  2  3  4  5  6  7  8  9 10 |
---------------+-------------------------------+-----
Long Blades    | 3 4 5 7 |  7.8
Fighting       | 2 3 4 5 |  5.4
Armour         | 2 3 4 5 |  5.5
Dodging        | 2 3 4 5 |  5.6
Ranged Weapons | 1 2 3 4 5 |  5.0
Stealth        | 4 5 6 |  6.6
Short Blades   | |  2.2

Action                   |  1- 3 |  4- 6 |  7- 9 | 10-12 || total
-------------------------+-------+-------+-------+-------++-------
Melee: Falchion          |    91 |    35 |       |       ||   126
       Punch             |     1 |       |       |       ||     1
       Great sword       |       |    80 |   251 |   118 ||   449
 Fire: Sling             |       |     2 |       |       ||     2
Throw: Throwing net      |       |     1 |       |       ||     1
Invok: Berserk           |       |     2 |     3 |     3 ||     8
  Use: Scroll            |     2 |     5 |     6 |     2 ||    15
       Potion            |       |       |     4 |       ||     4
 Stab: Sleeping          |     4 |    12 |       |       ||    16
Armor: Leather armour    |    23 |     9 |       |       ||    32
       Ring mail         |       |    39 |    31 |       ||    70
       Chain mail        |       |       |   155 |    79 ||   234
Dodge: Dodged            |    45 |    58 |    95 |    50 ||   248

Table legend: (Time is in decaauts)
 A = Elapsed time spent in this place.
 B = Non-inter-level travel time spent in this place.
 C = Inter-level travel time spent in this place.
 D = Time resting spent in this place.
 E = Time spent auto-exploring this place.
 F = Levels seen in this place.
 G = Mean time per level.
                   A        B        C        D        E       F      G
               +--------+--------+--------+--------+--------+-----+--------+
         Total |   6851 |   6488 |    363 |    481 |   4348 |   8 |  856.4 |
       Dungeon |   6851 |   6488 |    363 |    481 |   4348 |   8 |  856.4 |
               +--------+--------+--------+--------+--------+-----+--------+

Top non-repeatable levels by time:
     D:4: 1339 daAuts
     D:7: 1129 daAuts
     D:6: 1120 daAuts
     D:5: 840 daAuts
     D:2: 756 daAuts
     D:8: 606 daAuts
     D:1: 560 daAuts
     D:3: 497 daAuts
